 Dungeon Crawl Stone Soup version 0.31-a0-986-g5e6e4ef867 (webtiles) character file.

Game seed: 17440310316219293478

1173 ytrimaz the Covert (level 8, -10/72 HPs)
             Began as an Octopode Shapeshifter on Nov 8, 2023.
             Was an Initiate of Ashenzari.
             Mangled by an ogre
             ... wielding a +0 giant spiked club
              (13 damage)
             ... on level 6 of the Dungeon.
             The game lasted 00:04:22 (4781 turns).

ytrimaz the Covert (Octopode Shapeshifter)          Turns: 4781, Time: 00:04:22

Health: -10/72     AC: 28    Str: 13    XL:     8   Next: 41%
Magic:  0/8        EV:  2    Int: 13    God:    Ashenzari [......]
Gold:   275        SH:  0    Dex: 13    Spells: 7/7 levels left

rFire   . .          .
                       - Unarmed
rCold   . . .        (no shield)
rNeg    . . .        (helmet currently unavailable)
rPois   +            h - amulet of guardian spirit
rElec   .            i - +4 ring of protection
rCorr   .            (no ring)
SInv    .            (no ring)
Will    .....        (no ring)
Stlth   +++++        (no ring)
HPRegen 0.32/turn    (no ring)
MPRegen 0.11/turn    (no ring)
                     (no ring)

%: guardian spirit
@: tree-form, mesmerised
A: stationary, stasis, torment immunity, boosted hp, almost no armour,
(amphibious), 8 rings, (camouflage 1), (gelatinous body 1), (nimble swimmer 1),
(tentacles)
a: Renounce Religion


You were on level 6 of the Dungeon.
You worshipped Ashenzari.
Ashenzari was noncommittal.
You were a tree.
You visited 2 branches of the dungeon, and saw 7 of its levels.

You collected 275 gold pieces.


Innate Abilities, Weirdness & Mutations

You are a tree.
Your roots penetrate the ground, keeping you stationary.
You cannot be teleported.
You are immune to unholy pain and torment.
Your maximum health is greatly increased.
You cannot wear most types of armour.
((You are amphibious.))
You can wear up to eight rings at the same time.
((Your skin changes colour to match your surroundings (Stealth+).))
((Your rubbery body absorbs attacks. (AC +1, EV +1)))
((You are camouflaged when in or above water. (Stealth+)))
((You have tentacles for arms and can constrict up to eight enemies at once.))


   Skills:
 - Level 1.0 Fighting
 - Level 2.0 Dodging
 * Level 11.2 Stealth
 + Level 6.4 Unarmed Combat
 - Level 3.0 Shapeshifting


You had 7 spell levels left.
You didn't know any spells.
Your spell library contained the following spells:

 Spells                   Type           Power      Damage    Failure   Level
 Magic Dart               Conj           0%         1d3       30%         1
 Blink                    Tloc           0%         N/A       43%         2
 Call Imp                 Summ           0%         N/A       43%         2
 Cigotuvi's Dreadful Rot  Necr/Pois/Air  0%         N/A       43%         2
 Lesser Beckoning         Tloc           0%         N/A       43%         2
 Momentum Strike          Conj/Tloc      0%         3d8       43%         2
 Call Canine Familiar     Summ           0%         N/A       67%         3
 Ignite Poison            Fire/Tmut/Pois 0%         N/A       67%         3
 Mephitic Cloud           Conj/Pois/Air  0%         N/A       67%         3
 Sigil of Binding         Hex            0%         N/A       67%         3
 Vampiric Draining        Necr           0%         2d6       67%         3
 Anguish                  Hex/Necr       0%         N/A       97%         4
 Dimensional Bullseye     Hex/Tloc       0%         N/A       97%         4
 Leda's Liquefaction      Hex/Erth       0%         N/A       97%         4
 Freezing Cloud           Conj/Ice/Air   0%         6-21      100%        5

Inventory:

Jewellery
 h - an amulet of guardian spirit (around neck)
   (You found it on level 1 of the Dungeon)
 i - a +4 ring of protection (left branch)
   (You found it on level 1 of the Dungeon)
 r - a ring of fire
   (You found it on level 5 of the Dungeon)
Talismans
 b - a beast talisman
 c - a flux talisman
 k - a maw talisman
   (You found it on level 1 of the Dungeon)
Wands
 m - a wand of roots (13)
   (You found it on level 2 of the Dungeon)
Scrolls
 d - a scroll of teleportation
 f - 2 scrolls of noise {unknown}
 j - a scroll of blinking {unknown}
 n - a scroll of fear {unknown}
 p - a scroll of vulnerability {unknown}
Potions
 e - a potion of might {unknown}
 g - 2 potions of magic {unknown}
 l - 6 potions of curing
 o - 2 potions of mutation
 q - a potion of degeneration {unknown}

Dungeon Overview and Level Annotations

Branches:
Dungeon (6/15) Zot: 26501  Temple (1/1) D:5 Zot: 5963

Altars:
Ashenzari
Cheibriados
Dithmenos
Elyvilon
Fedhas
Hepliaklqana
Kikubaaqudgha
Makhleb
Okawaru
Ru
Sif Muna
Trog
Uskayaw
Vehumet
Wu Jian
Xom
Yredelemnul
Zin
The Shining One

Shops:
D:4 =

Annotations:
D:6 Maggie
Temple 2 transporters

#...##...........
#.(.....##.###### ####
#.......##.###### #...$
#>...............
#.....##..........######
......$.........###
......##........#
.......#........#
#...♣.#.####.#
#.#@O.##.###.#
#.....###....#
........##.#####
...>.....#.##
####.###..# #. ...#
#######


You could see Maggie (mesmerising) and an ogre.


Message History

An ice beast is nearby!
An ice beast is nearby!
The helpless ice beast fails to defend itself.
You tentacle-slap the ice beast. Your squeeze misses the ice beast.
The ice beast closely misses you.
Unknown command.
You bludgeon the ice beast! You tentacle-slap the ice beast.
You squeeze the ice beast. The ice beast barely misses you.
Unknown command.
You bludgeon the ice beast!
You kill the ice beast!
Your Stealth skill increases to level 11!
Unknown command.
Key pressed, stopping explore.
Key pressed, stopping explore.
Key pressed, stopping explore.
Found an escape hatch in the floor.
Maggie the Vainglorious comes into view.
She is wielding a +2 war axe of flaming and carrying a wand of polymorph.
Found a stone staircase leading down.
An ogre comes into view. It is wielding a +0 giant spiked club.
The helpless Maggie fails to defend herself.
You batter Maggie!! You grab Maggie. You constrict Maggie, but do no damage.
Maggie hits you with a +2 war axe of flaming!
Maggie burns you. 😕 HP[-10] MP[-1]
You take 10 damage, and now have 38/48 hp.
MASSIVE DAMAGE!! (PAUSE)
You lost 1 mp, and now have 7/8 mp.
You tentacle-slap Maggie but do no damage.
You squeeze Maggie. You constrict Maggie, but do no damage.
Maggie says, "Did Master Lance send you?"
Maggie barely misses you.
You tentacle-slap Maggie. You squeeze Maggie.
You constrict Maggie, but do no damage. Maggie misses you.
Unknown command.
You tentacle-slap Maggie. You constrict Maggie.
Maggie zaps a wand.
You resist with some effort.
You tentacle-slap Maggie but do no damage.
You constrict Maggie.
Maggie hits you with a +2 war axe of flaming!
Maggie burns you.
* * * LOW HITPOINT WARNING * * *
The ogre hits you with a +0 giant spiked club!!
* * * LOW HITPOINT WARNING * * *
😱 HP[-32] MP[-6]
You take 32 damage, and now have 6/48 hp.
MASSIVE DAMAGE!! (PAUSE)
You lost 6 mp, and now have 1/8 mp.
Unknown command.
Okay, then.
Your transformation has ended.
You turn into a tree.
Your roots penetrate the ground.
You lose your grip on Maggie.
Maggie casts a spell.
Maggie attempts to bespell you!
You are mesmerised by Maggie! 😱 HP[+3]
You now have 72 max hp (+24).
You regained 3 hp, and now have 9/72 hp.
You feel better. The ogre hits you but does no damage.
Maggie hits you with a +2 war axe of flaming.
* * * LOW HITPOINT WARNING * * *
Maggie burns you.
* * * LOW HITPOINT WARNING * * *
😱 HP[+3]
You regained 3 hp, and now have 12/72 hp.
You feel better.
The ogre hits you with a +0 giant spiked club!
* * * LOW HITPOINT WARNING * * *
Maggie barely misses you. 😱 HP[-1]
You take 1 damage, and now have 11/72 hp.
You feel better.
Maggie hits you but does no damage. 😱 HP[+5]
You regained 5 hp, and now have 16/72 hp.
You hit Maggie.
The ogre hits you with a +0 giant spiked club.
* * * LOW HITPOINT WARNING * * *
Maggie hits you with a +2 war axe of flaming.
* * * LOW HITPOINT WARNING * * *
Maggie burns you. 😱 HP[-9] MP[-1]
You take 9 damage, and now have 7/72 hp.
You lost 1 mp, and now have 0/8 mp.
Unknown command.
You feel better.
The ogre hits you with a +0 giant spiked club!
* * * LOW HITPOINT WARNING * * *
Maggie hits you but does no damage. 😱 HP[+1] MP[+1]
You closely miss Maggie. You hit Maggie but do no damage.
Maggie hits you with a +2 war axe of flaming.
* * * LOW HITPOINT WARNING * * *
Maggie burns you.
* * * LOW HITPOINT WARNING * * *
The ogre hits you with a +0 giant spiked club!
You die...

Skill      XL: |  1  2  3  4  5  6  7  8 |
---------------+-------------------------+-----
Stealth        | 1 3 4 6 8 10 11 | 11.2
Unarmed Combat | 4 5 6 |  6.4
Fighting       | |  1.0
Dodging        | |  2.0
Shapeshifting  | |  3.0

Action                     |  1- 3 |  4- 6 |  7- 9 || total
---------------------------+-------+-------+-------++-------
  Melee: Unarmed           |    40 |    75 |   104 ||   219
         Constrict         |    10 |    13 |    22 ||    45
         Tentacles         |    11 |    18 |    22 ||    51
         Punch             |       |     1 |     5 ||     6
    Use: Potion            |       |     1 |     6 ||     7
         Scroll            |       |       |     3 ||     3
   Stab: Sleeping          |     7 |    14 |     6 ||    27
         Distracted        |     1 |       |       ||     1
 Armour: Skin              |    10 |    69 |    64 ||   143
  Dodge: Dodged            |    23 |    18 |    41 ||    82

Levels and vault maps discovered:
D:1:      scummos_arrival_forest, layout_loops_ring
D:2:      layout_basic, shapermc_ecumenical_altar_acropolis,
          minmay_misc_feat_five, minmay_misc_feat_rows, grunt_ministairs_3,
          minmay_small_reverse_x, uniq_sigmund
D:3:      layout_loops_ring, lemuel_tele_altar
D:4:      layout_basic, old_standard_altar, mainiacjoe_overflow_brackets,
          kennysheep_mini, serial_shops, nicolae_shop_advertising_works
          [nicolae_subvault_shop_adworks], uniq_ijyb
D:5:      layout_loops_ring, minmay_temple_entry_ruins
D:6:      layout_loops_ring, grunt_nemelex_the_gamble, abandoned_shop,
          uniq_menkaure, uniq_maggie
Temple:   hellmonk_temple_divided_pantheon

Notes
Turn   | Place    | Note
-------+----------+-------------------------------------------
     0 | D:1      | ytrimaz the Octopode Shapeshifter began the quest for the
                  | Orb.
     0 | D:1      | Reached XP level 1. HP: 13/13 MP: 1/1
     0 | D:1      | magus.rc [v1.9.6]
    39 | D:1      | Reached skill level 1 in Stealth
    92 | D:1      | You pick up a book of the Hunter and begin reading...
    92 | D:1      | You add the spells Sigil of Binding, Call Canine Familiar,
                  | Dimensional Bullseye and Leda's Liquefaction to your
                  | library.
   436 | D:1      | Reached XP level 2. HP: 18/18 MP: 2/2
   468 | D:1      | Reached skill level 2 in Stealth
   722 | D:2      | Reached skill level 3 in Stealth
   722 | D:2      | Reached XP level 3. HP: 23/23 MP: 3/3
  1024 | D:2      | Found a faded altar of an unknown god.
  1037 | D:2      | Reached skill level 4 in Stealth
  1043 | D:2      | Reached XP level 4. HP: 25/28 MP: 2/4
  1305 | D:2      | Noticed Sigmund
  1309 | D:2      | Killed Sigmund
  1310 | D:2      | Reached skill level 6 in Stealth
  1310 | D:2      | Reached skill level 4 in Unarmed Combat
  1310 | D:2      | Reached XP level 5. HP: 33/33 MP: 5/5
  2140 | D:3      | You pick up a book of Spatial Translocations and begin
                  | reading...
  2140 | D:3      | You add the spells Blink, Momentum Strike and Lesser
                  | Beckoning to your library.
  2271 | D:3      | Found a snail-covered altar of Cheibriados.
  2284 | D:3      | Reached XP level 6. HP: 38/38 MP: 6/6
  2548 | D:4      | Noticed Ijyb
  2551 | D:4      | Found Ume Xyod's Jewellery Shoppe.
  2562 | D:4      | Killed Ijyb
  2720 | D:4      | Found a shimmering blue altar of Sif Muna.
  2723 | D:4      | Reached skill level 7 in Stealth
  2751 | D:4      | Found a blossoming altar of Fedhas.
  2885 | D:4      | Found a basalt altar of Yredelemnul.
  3238 | D:5      | Identified the "Gaza"
  3238 | D:5      | Entered Level 5 of the Dungeon
  3253 | D:5      | Noticed a water moccasin
  3279 | D:5      | Killed a water moccasin
  3280 | D:5      | Reached skill level 8 in Stealth
  3280 | D:5      | Reached skill level 5 in Unarmed Combat
  3280 | D:5      | Reached XP level 7. HP: 32/43 MP: 5/7
  3289 | D:5      | HP: 10/43 [sleepcap (2)]
  3302 | D:5      | HP: 10/43 [adder (1)]
  3575 | D:5      | Noticed a steam dragon
  3580 | D:5      | Found a staircase to the Ecumenical Temple.
  3663 | D:5      | You add the spells Vampiric Draining and Anguish to your
                  | library.
  3670 | D:5      | Killed a steam dragon
  3671 | D:5      | Reached skill level 9 in Stealth
  3741 | Temple   | Found a transporter.
  3741 | Temple   | Found a transporter.
  3741 | Temple   | Found a transporter.
  3741 | Temple   | Found a transporter.
  3741 | Temple   | Entered the Ecumenical Temple
  3757 | Temple   | Became a worshipper of Ashenzari the Shackled
  3896 | D:5      | You pick up a book of Minor Magic and begin reading...
  3896 | D:5      | You add the spells Magic Dart, Call Imp and Mephitic Cloud
                  | to your library.
  3910 | D:5      | You add the spells Cigotuvi's Dreadful Rot, Ignite Poison
                  | and Freezing Cloud to your library.
  3957 | D:5      | Reached skill level 10 in Stealth
  3957 | D:5      | Reached XP level 8. HP: 47/48 MP: 8/8
  4278 | D:6      | Identified the "Umoto"
  4334 | D:6      | Reached skill level 6 in Unarmed Combat
  4668 | D:6      | Reached skill level 11 in Stealth
  4766 | D:6      | Noticed Maggie
  4773 | D:6      | HP: 6/48 [ogre/+0 giant spiked club (17)]
  4778 | D:6      | HP: 11/72 [ogre/+0 giant spiked club (5)]
  4781 | D:6      | HP: 5/72 [Maggie/+2 war axe of flaming (3)]
  4781 | D:6      | Mangled by an ogre

Vanquished Creatures
  Sigmund (D:2)
  A steam dragon (D:5)
  A water moccasin (D:5)
  An orc warrior (D:6)
  An ice beast (D:6)
  A scorpion (D:5)
  A jelly (D:6)
  3 orc priests (D:6)
  3 sleepcaps
  5 iguanas
  Ijyb (D:4)
  3 gnolls (D:4)
  10 adders
  14 orcs
  3 ball pythons
  7 endoplasms
  3 giant cockroaches (D:2)
  6 goblins
  5 hobgoblins
  2 quokkas
  5 bats
  A frilled lizard (D:2)
  5 kobolds
  A rat (D:2)
84 creatures vanquished.

Table legend:
 A = Non-vault XP
 B = Vault XP
 C = Vault XP percentage of total XP
 D = Non-vault monster count
 E = Vault monster count
 F = Vault count percentage of total count
                 A         B        C        D         E       F
            +---------+---------+-------+---------+---------+-------
      Total |    1406 |     271 |  16.2 |      76 |       8 |   9.5
            +---------+---------+-------+---------+---------+-------
        D:1 |      16 |       0 |   0.0 |      11 |       0 |   0.0
        D:2 |      54 |     238 |  81.5 |      12 |       7 |  36.8
        D:3 |      43 |       0 |   0.0 |      10 |       0 |   0.0
        D:4 |     111 |      33 |  22.9 |      13 |       1 |   7.1
        D:5 |     706 |       0 |   0.0 |      18 |       0 |   0.0
        D:6 |     476 |       0 |   0.0 |      12 |       0 |   0.0
            +---------+---------+-------+---------+---------+-------

Skill      XL: |  1  2  3  4  5  6  7  8 |
---------------+-------------------------+-----
Stealth        | 1 3 4 6 8 10 11 | 11.2
Unarmed Combat | 4 5 6 |  6.4
Fighting       | |  1.0
Dodging        | |  2.0
Shapeshifting  | |  3.0

Action                     |  1- 3 |  4- 6 |  7- 9 || total
---------------------------+-------+-------+-------++-------
  Melee: Unarmed           |    40 |    75 |   104 ||   219
         Constrict         |    10 |    13 |    22 ||    45
         Tentacles         |    11 |    18 |    22 ||    51
         Punch             |       |     1 |     5 ||     6
    Use: Potion            |       |     1 |     6 ||     7
         Scroll            |       |       |     3 ||     3
   Stab: Sleeping          |     7 |    14 |     6 ||    27
         Distracted        |     1 |       |       ||     1
 Armour: Skin              |    10 |    69 |    64 ||   143
  Dodge: Dodged            |    23 |    18 |    41 ||    82

Illustrated notes

Table legend:
 A = Kills in this place as a percentage of kills in the entire game.
 B = Kills by you in this place as a percentage of kills by you in the entire game.
 C = Kills by friends in this place as a percentage of kills by friends in the entire game.
 D = Other kills in this place as a percentage of other kills in the entire game.
 E = Experience gained in this place as a percentage of experience gained in the entire game.
 F = Experience gained in this place divided by the number of levels of this place that you have seen.
                   A       B       C       D       E      F
               +-------+-------+-------+-------+-------+----------------------
         Total | 100.0 | 100.0 |   N/A |   N/A | 100.0 | 239.6
       Dungeon | 100.0 | 100.0 |   N/A |   N/A | 100.0 | 279.5
               +-------+-------+-------+-------+-------+----------------------

Table legend: (Time is in decaauts)
 A = Elapsed time spent in this place.
 B = Non-inter-level travel time spent in this place.
 C = Inter-level travel time spent in this place.
 D = Time resting spent in this place.
 E = Time spent auto-exploring this place.
 F = Levels seen in this place.
 G = Mean time per level.
                   A        B        C        D        E       F      G
               +--------+--------+--------+--------+--------+-----+--------+
         Total |   4760 |   4617 |    143 |     21 |   3895 |   7 |  680.0 |
       Dungeon |   4724 |   4596 |    128 |     21 |   3895 |   6 |  787.3 |
        Temple |     36 |     21 |     15 |      0 |      0 |   1 |   36.0 |
               +--------+--------+--------+--------+--------+-----+--------+

Top non-repeatable levels by time:
     D:2: 1074 daAuts
     D:5: 997 daAuts
     D:4: 775 daAuts
     D:3: 691 daAuts
     D:1: 688 daAuts
     D:6: 497 daAuts
  Temple: 36 daAuts
